cohdb
Replays
Latest Replays
All Replays
Popular Replays
Top Player Replays
Match Explorer
How It Works
Community
CoH3 Stats
Reddit
Sign in to upload your games and track your stats! →
Sign in with Steam
Match 43891852
Unlisted
Match 43891852
Overview
Messages
Build Orders
End
Selects Italian Combined Arms Battlegroup
Selects Bersaglieri Squad
Bersaglieri Squad
Kradschützen Motorcycle Team
Bersaglieri Squad
Bersaglieri Squad
Construct Light Support Kompanie
Selects Bersaglieri Bolster
2.5-tonne Medical Truck
Construct Mechanized Kompanie
Selects Breda Model 30 Light Machine Guns
MG34 Team
Panzerjäger Squad
250 Light Carrier
Construct Panzerarmee Kommand
Selects Semovente da 75/18 Assault Gun
Selects Strafing Run
Panzer III L Medium Tank
Strafing Run
Selects Artillery Cover
Tungsten Core Ammunition
Walking Stuka Rocket Launcher
Strafing Run
Panzer III L Medium Tank
Panzerpioneer Squad
Artillery Cover
Armored Reserves
Advanced Optics
sos6284
차니
Annatar_BR
woof_raff
0
0
Comments
sign in to comment!
No comments posted yet!